 Dungeon Crawl Stone Soup version 0.29.0-4-gdea44cf6ec (webtiles) character file.

Game seed: 11891856760968539343

50059 qw the Warrior (level 14, -7/210 HPs)
             Began as a Minotaur Berserker on Sept 9, 2022.
             Was an Elder of Trog.
             Mangled by a 19-headed hydra (8 damage)
             ... on level 12 of the Dungeon.
             The game lasted 00:07:27 (20534 turns).

qw the Warrior (Minotaur Berserker)                Turns: 20534, Time: 00:07:28

Health: -7/210     AC: 29    Str: 26    XL:     14   Next: 18%
Magic:  0/13       EV: 11    Int:  8    God:    Trog [****..]
Gold:   1097       SH:  6    Dex:  9    Spells: 13/13 levels left

rFire   + . .      SeeInvis .   u - +0 war axe (vamp)
rCold   . . .      Faith    .   i - +0 buckler
rNeg    + . .      Spirit   +   t - +4 chain mail {Will+}
rPois   +          Reflect  .   (helmet restricted)
rElec   .          Harm     .   d - +2 cloak
rCorr   .          Rampage  .   w - +1 pair of gloves
Will    ++++.                   q - +1 pair of boots
Stlth   ..........              l - amulet of Kuig {Spirit rF+ rN+}
HPRegen 1.45/turn               n - ring of poison resistance
MPRegen 0.13/turn               e - +4 ring of protection

@: berserking (expiring), strong-willed (expiring), regenerating (expiring),
very quick
A: horns 2, retaliatory headbutt, clever 1, sturdy frame 1
a: Renounce Religion, Berserk, Trog's Hand, Brothers in Arms


You were on level 12 of the Dungeon.
You worshipped Trog.
Trog was greatly pleased with you.
You visited 2 branches of the dungeon, and saw 17 of its levels.

You collected 1142 gold pieces.
You spent 45 gold pieces at shops.


Innate Abilities, Weirdness & Mutations

You have a pair of horns on your head.
You reflexively headbutt those who attack you in melee.
Your mind is acute. (Int +4, Str/Dex -1)
Your movements are slightly less encumbered by armour. (ER -2)


   Skills:
 - Level 17.0 Fighting
 - Level 16.2 Axes
 - Level 3.1 Throwing
 - Level 14.0 Armour
 + Level 6.7 Dodging
 - Level 10.4 Shields


You had 13 spell levels left.
You didn't know any spells.
Your spell library was empty.

Inventory:

Hand Weapons
 u - a +0 vampiric war axe (weapon)
 v - a +0 morningstar
Armour
 d - a +2 cloak (worn)
 i - a +0 buckler (worn)
 q - a +1 pair of boots (worn)
 t - a +4 chain mail of willpower (worn)
 w - a +1 pair of gloves (worn)
Jewellery
 a - a ring of positive energy
 e - a +4 ring of protection (right hand)
 g - a ring of willpower
 j - an amulet of regeneration
 l - the amulet of Kuig (around neck) {Spirit rF+ rN+}
   (You found it on level 9 of the Dungeon)

   [amulet of guardian spirit]

   It causes incoming damage to be divided between your reserves of health and
   magic.
   rF:        It protects you from fire.
   rN:        It protects you from negative energy.
 n - a ring of poison resistance (left hand)
 s - a ring of protection from fire
Scrolls
 b - 8 scrolls of identify
 o - 7 scrolls of teleportation
Potions
 f - 2 potions of haste
 k - a potion of resistance
 m - a potion of heal wounds
 p - 2 potions of mutation
 r - 4 potions of curing

Dungeon Overview and Level Annotations

Branches:
Dungeon (12/15)            Temple (0/1) D:7            Lair (5/5) D:11
  Swamp (0/4) Lair:2       Spider (0/4) Lair:3        Slime (0/5) Lair:4
    Orc: D:9-12

Altars:
Kikubaaqudgha
Qazlal
Sif Muna
Uskayaw
Vehumet
Wu Jian
Xom
The Shining One
Jiyva

Shops:
D:7 (   D:11 (

Annotations:
D:12 Rupert
Lair:5 2 runed translucent doors


Message History

Rupert freezes you.
You hit Rupert. Your headbutt misses Rupert.
Rupert is heavily wounded.
You slice one of the 16-headed hydra's heads off!
The 15-headed hydra grows two more!
You slash the 17-headed hydra!
You feel better.
You hit the skeletal warrior.
You feel the effects of Trog's Hand fading.
You block Rupert's attack.
The 17-headed hydra bites you but does no damage.
The 17-headed hydra closely misses you. The 17-headed hydra bites you.
The 17-headed hydra closely misses you.
The 17-headed hydra bites you but does no damage. x2
The 17-headed hydra bites you! The 17-headed hydra closely misses you.
The 17-headed hydra bites you. The 17-headed hydra closely misses you.
The 17-headed hydra bites you but does no damage.
The 17-headed hydra barely misses you.
The 17-headed hydra bites you but does no damage. x3
The 17-headed hydra barely misses you.
The 17-headed hydra bites you but does no damage.
The skeletal warrior closely misses you.
The skeletal warrior hits you but does no damage.
You hit Rupert but do no damage. Your headbutt misses Rupert.
Rupert is heavily wounded.
You hit the skeletal warrior but do no damage.
You lop one of the 17-headed hydra's heads off!
The 16-headed hydra grows two more!
You slash the 18-headed hydra! You block Rupert's attack.
You slash Rupert!
You feel better.
You headbutt Rupert.
Rupert is heavily wounded.
You chop one of the 18-headed hydra's heads off!
The 17-headed hydra grows two more!
You slash the 19-headed hydra! You closely miss the skeletal warrior.
The 19-headed hydra barely misses you.
The 19-headed hydra bites you but does no damage. x4
You block the 19-headed hydra's attack.
The 19-headed hydra bites you but does no damage.
The 19-headed hydra bites you!
The 19-headed hydra bites you but does no damage.
The 19-headed hydra closely misses you. The 19-headed hydra bites you!
You die...

......
......
......
......####
.........##
.......o..##
......@z...#
.....zD@<..#
......)....#
...........#
.>........$#
..........##
..........#
..........#
.......$..#


You could see Rupert (berserk), a 19-headed hydra, 2 skeletal warriors and an
orc warrior.

Vanquished Creatures
  Harold (D:9)
  5 hydras
  2 catoblepae
  A boulder beetle (D:7)
  A two-headed ogre (D:11)
  A death yak (Lair:3)
  2 skeletal warriors (D:12)
  A lindwurm (Lair:5)
  A manticore (D:11)
  2 elephants (Lair:5)
  A cyclops (D:7)
  A torpor snail (Lair:5)
  6 black mambas
  11 cane toads
  A gargoyle (D:11)
  3 molten gargoyles (Lair:5)
  An unseen horror (D:11)
  6 rime drakes
  10 komodo dragons
  2 kobold demonologists
  3 trolls
  2 slime creatures (D:7)
  11 blink frogs
  Grinder (D:4)
  6 dream sheep (Lair:4)
  5 jumping spiders (Lair:3)
  2 shadows (D:11)
  9 wyverns
  4 basilisks (Lair:5)
  2 wraiths (D:9)
  64 yaks
  2 steam dragons
  3 redbacks (Lair:3)
  4 vampire mosquitoes
  12 water moccasins
  3 ice beasts
  4 hell hounds (Lair:5)
  An orc warrior (D:7)
  6 black bears
  Duvessa (D:6)
  A sky beast (D:7)
  A boggart (D:7)
  15 wolves
  An ogre (D:5)
  A centaur (D:8)
  2 phantoms (D:4)
  3 kobold brigands
  A gnoll sergeant (D:10)
  17 bullfrogs
  A necrophage (D:5)
  4 scorpions
  11 wights
  Dowan (D:6)
  8 killer bees
  4 howler monkeys (D:9)
  5 lava snakes (Lair:5)
  5 hounds
  2 jellies
  2 orc priests (D:10)
  A gnoll bouda (D:10)
  2 iguanas (D:6)
  11 orc wizards
  A troll simulacrum (D:11)
  13 gnolls
  2 naga simulacra (D:11)
  8 adders
  A shadow imp (D:7)
  2 white imps
  An ufetubus (D:5)
  A worm (D:3)
  26 orcs
  5 ball pythons
  8 bats
  12 endoplasms
  2 giant cockroaches
  8 goblins
  6 hobgoblins
  4 jackals (D:1)
  22 kobolds
  2 quokkas
  3 frilled lizards (D:1)
  3 rats
433 creatures vanquished.

Vanquished Creatures (collateral kills)
  A hydra (Lair:4)
  An obsidian statue (D:9)
  An orange crystal statue (D:9)
  An elephant (Lair:4)
  A torpor snail (Lair:3)
  A cane toad (Lair:3)
  A komodo dragon (Lair:4)
  A wraith (D:9)
  A yak (Lair:1)
9 creatures vanquished.

Vanquished Creatures (others)
  39 fungi
  53 plants
92 creatures vanquished.

Grand Total: 534 creatures vanquished

Notes
Turn   | Place    | Note
-------+----------+-------------------------------------------
     0 | D:1      | qw the Minotaur Berserker began the quest for the Orb.
     0 | D:1      | Reached XP level 1. HP: 19/19 MP: 0/0
     0 | D:1      | 0 ||| qw: Version: 0.1-a-113-g051387a
     0 | D:1      | 0 ||| qw: Game counter: 6994
     0 | D:1      | 0 ||| qw: Always use a shield: true
     0 | D:1      | 0 ||| qw: Do Orc after D:15 true
     0 | D:1      | 0 ||| qw: Do second Lair branch before Depths: true
     0 | D:1      | 0 ||| qw: Lair rune preference: random
     0 | D:1      | 0 ||| qw: Plans: Normal
     0 | D:1      | 0 ||| PLANNING D:1-11
    41 | D:1      | 41 ||| Stepping ~*~*~tactically~*~*~ (stealth).
   139 | D:1      | 139 ||| Stepping ~*~*~tactically~*~*~ (stealth).
   172 | D:1      | Reached XP level 2. HP: 22/26 MP: 1/1
   250 | D:1      | 250 ||| Stepping ~*~*~tactically~*~*~ (stealth).
   568 | D:1      | 568 ||| Stepping ~*~*~tactically~*~*~ (stealth).
   572 | D:1      | Reached ** piety under Trog
   878 | D:1      | 878 ||| UPGRADING to +2 cloak.
   883 | D:1      | 883 ||| READING scroll labelled RUVIRGH AWYEC.
   884 | D:1      | 884 ||| READING scroll labelled HILLEA NERCHEYRGH.
   885 | D:1      | 885 ||| READING scroll labelled HODDAV XATHRYDA.
   888 | D:1      | 888 ||| READING 3 scrolls labelled BAADOASTRIDD.
   889 | D:1      | 889 ||| DRINKING 2 bubbling pink potions.
   994 | D:1      | 994 ||| DROPPING potion of berserk rage.
   995 | D:1      | 995 ||| DROPPING 2 scrolls of fear.
  1006 | D:2      | 1006 ||| STAIRDANCE
  1015 | D:1      | Reached XP level 3. HP: 30/31 MP: 2/2
  1022 | D:2      | 1022 ||| STAIRDANCE
  1040 | D:2      | 1040 ||| Stepping ~*~*~tactically~*~*~ (stealth).
  1394 | D:2      | 1394 ||| Stepping ~*~*~tactically~*~*~ (stealth).
  1395 | D:2      | 1395 ||| Stepping ~*~*~tactically~*~*~ (stealth).
  1743 | D:2      | 1743 ||| UPGRADING to +0 leather armour.
  1753 | D:2      | 1753 ||| DROPPING +0 animal skin.
  1754 | D:2      | 1754 ||| UPGRADING to ring of positive energy.
  1755 | D:2      | 1755 ||| READING scroll labelled DOTIMI NOAS.
  1756 | D:2      | 1756 ||| READING 3 scrolls labelled TUGUAX NEOG.
  1757 | D:2      | 1757 ||| READING scroll labelled POOFIE ITUDD.
  1758 | D:2      | 1758 ||| DROPPING 2 scrolls of poison.
  1764 | D:3      | Reached skill level 6 in Axes
  1764 | D:3      | Reached XP level 4. HP: 39/39 MP: 3/3
  1869 | D:3      | 1869 ||| Stepping ~*~*~tactically~*~*~ (stealth).
  1872 | D:3      | 1872 ||| Stepping ~*~*~tactically~*~*~ (stealth).
  1879 | D:3      | 1879 ||| Stepping ~*~*~tactically~*~*~ (stealth).
  1880 | D:3      | 1880 ||| Stepping ~*~*~tactically~*~*~ (stealth).
  1887 | D:3      | 1887 ||| Stepping ~*~*~tactically~*~*~ (stealth).
  1942 | D:3      | 1942 ||| Stepping ~*~*~tactically~*~*~ (stealth).
  1988 | D:3      | Found a faded altar of an unknown god.
  2033 | D:3      | 2033 ||| INVOKING Berserk.
  2463 | D:3      | 2463 ||| Stepping ~*~*~tactically~*~*~ (stealth).
  2483 | D:3      | Reached XP level 5. HP: 45/45 MP: 4/4
  2622 | D:3      | 2622 ||| UPGRADING to +0 scale mail.
  2632 | D:3      | 2632 ||| DROPPING +0 leather armour.
  2633 | D:3      | 2633 ||| UPGRADING to ring of positive energy.
  2634 | D:3      | 2634 ||| READING 4 scrolls labelled HOROUHIVIA.
  2635 | D:3      | 2635 ||| READING scroll labelled SYD LEDDAH JEE.
  2636 | D:3      | 2636 ||| READING scroll labelled HYHECIGHOC.
  2637 | D:3      | 2637 ||| READING 3 scrolls of identify.
  2637 | D:3      | 2637 ||| IDENTIFYING blue potion
  2638 | D:3      | 2638 ||| READING 2 scrolls of identify.
  2638 | D:3      | 2638 ||| IDENTIFYING inky potion
  2639 | D:3      | 2639 ||| DROPPING potion of degeneration.
  2798 | D:4      | Noticed Grinder
  2799 | D:4      | 2799 ||| Stepping ~*~*~tactically~*~*~ (hiding).
  2801 | D:4      | 2801 ||| INVOKING Trog's Hand.
  2802 | D:4      | 2802 ||| INVOKING Berserk.
  2817 | D:4      | 2817 ||| INVOKING Trog's Hand.
  2823 | D:4      | Killed Grinder
  2824 | D:4      | Reached skill level 6 in Fighting
  2824 | D:4      | Reached XP level 6. HP: 49/57 MP: 5/5
  3182 | D:4      | Reached XP level 7. HP: 59/63 MP: 6/6
  3408 | D:4      | 3408 ||| UPGRADING to +4 ring of protection.
  3410 | D:4      | 3410 ||| DROPPING ring of positive energy.
  3432 | D:5      | Entered Level 5 of the Dungeon
  3447 | D:5      | 3447 ||| Stepping ~*~*~tactically~*~*~ (hiding).
  3539 | D:5      | 3539 ||| DROPPING +0 whip.
  3590 | D:5      | 3590 ||| INVOKING Berserk.
  3593 | D:5      | Reached skill level 9 in Axes
  3722 | D:5      | Noticed a wyvern
  3735 | D:5      | Killed a wyvern
  3832 | D:5      | 3832 ||| INVOKING Berserk.
  4109 | D:5      | Reached XP level 8. HP: 68/70 MP: 7/7
  4189 | D:5      | Found a shimmering blue altar of Sif Muna.
  4261 | D:5      | Found an ancient bone altar of Kikubaaqudgha.
  4271 | D:5      | Found a radiant altar of Vehumet.
  4358 | D:5      | Found an ornate altar of the Wu Jian Council.
  4360 | D:5      | 4360 ||| DROPPING +0 flail.
  4365 | D:5      | Found a shimmering altar of Xom.
  4385 | D:5      | 4385 ||| INVOKING Berserk.
  4392 | D:5      | HP: 24/105 [poisoned by a gnoll]
  4395 | D:5      | HP: 11/70 [poisoned by a gnoll]
  4396 | D:5      | 4396 ||| INVOKING Trog's Hand.
  4400 | D:5      | HP: 8/70 [poisoned by a gnoll]
  4737 | D:5      | Reached skill level 3 in Armour
  4955 | D:5      | 4955 ||| DROPPING orb of energy.
  4956 | D:5      | 4956 ||| DRINKING 2 bubbling orange potions.
  4957 | D:5      | 4957 ||| READING 2 scrolls of identify.
  4957 | D:5      | 4957 ||| IDENTIFYING silvery potion
  5115 | D:6      | 5115 ||| DRINKING potion of curing.
  5115 | D:6      | 5115 ||| (to cure confusion)
  5128 | D:6      | Reached skill level 12 in Axes
  5176 | D:6      | 5176 ||| Stepping ~*~*~tactically~*~*~ (hiding).
  5187 | D:6      | Reached *** piety under Trog
  5256 | D:6      | Noticed Duvessa
  5257 | D:6      | 5257 ||| Stepping ~*~*~tactically~*~*~ (hiding).
  5262 | D:6      | 5262 ||| INVOKING Berserk.
  5265 | D:6      | Killed Duvessa
  5266 | D:6      | Reached skill level 7 in Fighting
  5270 | D:6      | Noticed Dowan
  5279 | D:6      | Killed Dowan
  5390 | D:6      | 5390 ||| INVOKING Berserk.
  5738 | D:6      | 5738 ||| DRINKING 2 fizzy ruby potions.
  5771 | D:6      | 5771 ||| DROPPING potion of lignification.
  5776 | D:7      | 5776 ||| PLANNING OSSUARY
  5800 | D:7      | Found a stormy altar of Qazlal.
  5800 | D:7      | Found a faded altar of an unknown god.
  5808 | D:7      | Found a hide-covered altar of Uskayaw.
  5810 | D:7      | Found a glowing golden altar of the Shining One.
  5812 | D:7      | Found a faded altar of an unknown god.
  5835 | D:7      | Found a staircase to the Ecumenical Temple.
  5853 | D:7      | 5853 ||| Stepping ~*~*~tactically~*~*~ (stealth).
  5855 | D:7      | 5855 ||| Stepping ~*~*~tactically~*~*~ (stealth).
  5857 | D:7      | 5857 ||| Stepping ~*~*~tactically~*~*~ (stealth).
  5859 | D:7      | 5859 ||| Stepping ~*~*~tactically~*~*~ (stealth).
  5908 | D:7      | 5908 ||| FLEEEEING.
  5909 | D:7      | 5909 ||| FLEEEEING.
  5912 | D:7      | 5912 ||| FLEEEEING.
  5913 | D:7      | 5913 ||| FLEEEEING.
  5914 | D:7      | 5914 ||| FLEEEEING.
  5915 | D:7      | 5915 ||| FLEEEEING.
  5916 | D:7      | 5916 ||| FLEEEEING.
  5917 | D:7      | 5917 ||| FLEEEEING.
  5918 | D:7      | 5918 ||| FLEEEEING.
  5919 | D:7      | 5919 ||| FLEEEEING.
  5920 | D:7      | 5920 ||| FLEEEEING.
  5921 | D:7      | 5921 ||| FLEEEEING.
  5922 | D:7      | 5922 ||| FLEEEEING.
  5923 | D:7      | 5923 ||| FLEEEEING.
  5931 | D:7      | 5931 ||| FLEEEEING.
  5932 | D:7      | 5932 ||| FLEEEEING.
  5933 | D:7      | 5933 ||| FLEEEEING.
  5934 | D:7      | 5934 ||| FLEEEEING.
  5935 | D:7      | 5935 ||| FLEEEEING.
  5936 | D:7      | 5936 ||| FLEEEEING.
  5937 | D:7      | 5937 ||| FLEEEEING.
  5939 | D:7      | 5939 ||| FLEEEEING.
  5940 | D:7      | 5940 ||| STAIRDANCE
  6096 | D:6      | 6096 ||| UPGRADING to ring of willpower.
  6104 | D:7      | 6104 ||| STAIRDANCE
  6113 | D:6      | Reached XP level 9. HP: 69/79 MP: 4/8
  6304 | D:7      | 6304 ||| Stepping ~*~*~tactically~*~*~ (stealth).
  6316 | D:7      | 6316 ||| Stepping ~*~*~tactically~*~*~ (stealth).
  6332 | D:7      | 6332 ||| Stepping ~*~*~tactically~*~*~ (hiding).
  6333 | D:7      | 6333 ||| Stepping ~*~*~tactically~*~*~ (hiding).
  6396 | D:7      | 6396 ||| RIP OSSUARY
  6418 | D:7      | 6418 ||| PLANNING D:1-11
  6489 | D:7      | Identified the +1 robe of the Depths {Will+ Int+4}
  6517 | D:7      | Found Myerr's Weapon Shoppe.
  6523 | D:7      | 6523 ||| INVOKING Berserk.
  6527 | D:7      | Reached skill level 8 in Fighting
  6637 | D:7      | 6637 ||| INVOKING Berserk.
  6746 | D:7      | 6746 ||| BUYING +0 war axe (45 gold).
  6746 | D:7      | Bought a +0 war axe for 45 gold pieces
  6746 | D:7      | 6746 ||| SWAPPING to +0 war axe.
  6747 | D:7      | 6747 ||| DROPPING +1 hand axe.
  6990 | D:7      | 6990 ||| UPGRADING to +0 chain mail.
  7000 | D:7      | 7000 ||| DROPPING +0 scale mail.
  7001 | D:7      | 7001 ||| READING 4 scrolls of identify.
  7001 | D:7      | 7001 ||| IDENTIFYING smoky cyan potion
  7002 | D:7      | 7002 ||| READING 3 scrolls of identify.
  7002 | D:7      | 7002 ||| IDENTIFYING puce potion
  7003 | D:7      | 7003 ||| READING 2 scrolls of identify.
  7003 | D:7      | 7003 ||| IDENTIFYING amethyst potion
  7004 | D:7      | 7004 ||| DROPPING potion of invisibility.
  7005 | D:7      | 7005 ||| DROPPING potion of flight.
  7006 | D:7      | 7006 ||| DROPPING potion of attraction.
  7305 | D:8      | 7305 ||| Stepping ~*~*~tactically~*~*~ (stealth).
  7455 | D:8      | 7455 ||| Stepping ~*~*~tactically~*~*~ (stealth).
  7486 | D:8      | Reached XP level 10. HP: 69/88 MP: 9/9
  7498 | D:8      | 7498 ||| INVOKING Berserk.
  7502 | D:8      | Reached skill level 15 in Axes
  7508 | D:8      | Reached skill level 9 in Fighting
  8284 | D:8      | 8284 ||| UPGRADING to +2 chain mail of willpower.
  8294 | D:8      | 8294 ||| DROPPING +0 chain mail.
  8295 | D:8      | 8295 ||| READING scroll labelled WAMYEN KOIGH.
  8296 | D:8      | 8296 ||| DRINKING 2 fizzy orange potions.
  8296 | D:8      | Gained mutation: Your mind is acute. (Int +4, Str/Dex -1)
                  | [potion of mutation]
  8296 | D:8      | Gained mutation: Your movements are slightly less
                  | encumbered by armour. (ER -2) [potion of mutation]
  8297 | D:8      | 8297 ||| READING 3 scrolls of identify.
  8297 | D:8      | 8297 ||| IDENTIFYING cyan potion
  8298 | D:8      | 8298 ||| READING 2 scrolls of identify.
  8298 | D:8      | 8298 ||| IDENTIFYING fizzy amethyst potion
  8299 | D:8      | 8299 ||| DROPPING potion of brilliance.
  8454 | D:7      | Reached skill level 1 in Throwing
  8503 | D:7      | Noticed a boulder beetle
  8504 | D:7      | 8504 ||| Stepping ~*~*~tactically~*~*~ (hiding).
  8505 | D:7      | 8505 ||| INVOKING Berserk.
  8508 | D:7      | Reached skill level 6 in Armour
  8521 | D:7      | Killed a boulder beetle
  8668 | D:7      | 8668 ||| Stepping ~*~*~tactically~*~*~ (stealth).
  8681 | D:7      | 8681 ||| INVOKING Berserk.
  8684 | D:7      | Noticed a cyclops
  8694 | D:7      | Killed a cyclops
  8697 | D:7      | Reached **** piety under Trog
  8698 | D:7      | Reached skill level 3 in Dodging
  9059 | D:9      | Identified the amulet of Kuig {Spirit rF+ rN+}
  9144 | D:9      | 9144 ||| Stepping ~*~*~tactically~*~*~ (hiding).
  9148 | D:9      | 9148 ||| INVOKING Berserk.
  9151 | D:9      | Noticed a smoke demon
  9162 | D:9      | Reached skill level 10 in Fighting
  9245 | D:9      | 9245 ||| Stepping ~*~*~tactically~*~*~ (stealth).
  9247 | D:9      | 9247 ||| Stepping ~*~*~tactically~*~*~ (stealth).
  9249 | D:9      | 9249 ||| Stepping ~*~*~tactically~*~*~ (stealth).
  9425 | D:9      | 9425 ||| INVOKING Berserk.
  9427 | D:9      | Reached XP level 11. HP: 73/99 MP: 10/10
  9709 | D:9      | 9709 ||| Stepping ~*~*~tactically~*~*~ (stealth).
  9714 | D:9      | 9714 ||| Stepping ~*~*~tactically~*~*~ (stealth).
  9730 | D:9      | Noticed Harold
  9733 | D:9      | 9733 ||| INVOKING Berserk.
  9737 | D:9      | Killed Harold
  9858 | D:9      | 9858 ||| Stepping ~*~*~tactically~*~*~ (hiding).
  9859 | D:9      | 9859 ||| Stepping ~*~*~tactically~*~*~ (hiding).
  9868 | D:9      | Reached skill level 11 in Fighting
  9896 | D:9      | 9896 ||| Stepping ~*~*~tactically~*~*~ (stealth).
  9900 | D:9      | 9900 ||| Stepping ~*~*~tactically~*~*~ (stealth).
  9902 | D:9      | 9902 ||| Stepping ~*~*~tactically~*~*~ (stealth).
  9915 | D:9      | 9915 ||| INVOKING Berserk.
 10032 | D:9      | 10032 ||| FLEEEEING.
 10033 | D:9      | 10033 ||| FLEEEEING.
 10034 | D:9      | 10034 ||| FLEEEEING.
 10035 | D:9      | 10035 ||| FLEEEEING.
 10037 | D:9      | 10037 ||| FLEEEEING.
 10038 | D:9      | 10038 ||| FLEEEEING.
 10039 | D:9      | 10039 ||| FLEEEEING.
 10040 | D:9      | 10040 ||| FLEEEEING.
 10042 | D:9      | 10042 ||| FLEEEEING.
 10045 | D:9      | 10045 ||| FLEEEEING.
 10046 | D:9      | 10046 ||| FLEEEEING.
 10048 | D:9      | 10048 ||| STAIRDANCE
 10146 | D:8      | 10146 ||| DROPPING +0 plate armour.
 10147 | D:8      | 10147 ||| UPGRADING to +4 chain mail of willpower.
 10157 | D:8      | 10157 ||| DROPPING +2 chain mail of willpower.
 10158 | D:8      | 10158 ||| UPGRADING to amulet of Kuig {Spirit rF+ rN+}.
 10163 | D:8      | 10163 ||| READING scroll labelled YTUMIOPLUN.
 10164 | D:8      | 10164 ||| READING 2 scrolls of identify.
 10164 | D:8      | 10164 ||| IDENTIFYING fizzy white potion
 10183 | D:9      | 10183 ||| Stepping ~*~*~tactically~*~*~ (stealth).
 10196 | D:9      | 10196 ||| Stepping ~*~*~tactically~*~*~ (stealth).
 10198 | D:9      | 10198 ||| Stepping ~*~*~tactically~*~*~ (stealth).
 10200 | D:9      | 10200 ||| DROPPING +0 vorpal flail.
 10284 | D:9      | Noticed an orange crystal statue
 10285 | D:9      | 10285 ||| INVOKING Brothers in Arms.
 10286 | D:9      | 10286 ||| INVOKING Brothers in Arms.
 10287 | D:9      | 10287 ||| INVOKING Brothers in Arms.
 10288 | D:9      | 10288 ||| INVOKING Brothers in Arms.
 10292 | D:9      | 10292 ||| INVOKING Berserk.
 10307 | D:9      | Killed an orange crystal statue
 10410 | D:9      | Noticed an obsidian statue
 10411 | D:9      | 10411 ||| INVOKING Brothers in Arms.
 10412 | D:9      | 10412 ||| INVOKING Brothers in Arms.
 10413 | D:9      | 10413 ||| Stepping ~*~*~tactically~*~*~ (hiding).
 10416 | D:9      | 10416 ||| INVOKING Berserk.
 10435 | D:9      | 10435 ||| INVOKING Brothers in Arms.
 10441 | D:9      | Killed an obsidian statue
 10452 | D:9      | Reached skill level 12 in Fighting
 10493 | D:9      | 10493 ||| READING scroll of enchant weapon.
 10493 | D:9      | 10493 ||| ENCHANTING +0 war axe of venom.
 10649 | D:9      | 10649 ||| Stepping ~*~*~tactically~*~*~ (stealth).
 10719 | D:10     | Entered Level 10 of the Dungeon
 10949 | D:10     | 10949 ||| Stepping ~*~*~tactically~*~*~ (stealth).
 10950 | D:10     | 10950 ||| Stepping ~*~*~tactically~*~*~ (stealth).
 10952 | D:10     | 10952 ||| Stepping ~*~*~tactically~*~*~ (hiding).
 10957 | D:10     | 10957 ||| Stepping ~*~*~tactically~*~*~ (stealth).
 10963 | D:10     | 10963 ||| FLEEEEING.
 10967 | D:10     | 10967 ||| FLEEEEING.
 10968 | D:10     | 10968 ||| FLEEEEING.
 10969 | D:10     | 10969 ||| FLEEEEING.
 10970 | D:10     | 10970 ||| FLEEEEING.
 10975 | D:10     | 10975 ||| FLEEEEING.
 10976 | D:10     | 10976 ||| FLEEEEING.
 10977 | D:10     | 10977 ||| FLEEEEING.
 10978 | D:10     | 10978 ||| FLEEEEING.
 11097 | D:10     | 11097 ||| SWAPPING to +0 vampiric war axe.
 11098 | D:10     | 11098 ||| DROPPING +1 war axe of venom.
 11109 | D:10     | 11109 ||| Stepping ~*~*~tactically~*~*~ (stealth).
 11275 | D:10     | 11275 ||| INVOKING Berserk.
 11282 | D:10     | Reached skill level 9 in Armour
 11552 | D:10     | 11552 ||| Stepping ~*~*~tactically~*~*~ (stealth).
 11558 | D:10     | 11558 ||| Stepping ~*~*~tactically~*~*~ (stealth).
 11564 | D:10     | 11564 ||| Stepping ~*~*~tactically~*~*~ (stealth).
 11577 | D:10     | 11577 ||| Stepping ~*~*~tactically~*~*~ (stealth).
 11725 | D:10     | 11725 ||| READING 2 scrolls labelled NOCSEV ANEVISA.
 11726 | D:10     | 11726 ||| READING 2 scrolls of identify.
 11726 | D:10     | 11726 ||| IDENTIFYING metallic green potion
 11727 | D:10     | 11727 ||| DROPPING potion of magic.
 11830 | D:11     | 11830 ||| INVOKING Berserk.
 11844 | D:11     | Reached skill level 13 in Fighting
 11846 | D:11     | Reached skill level 3 in Throwing
 11877 | D:11     | Noticed a two-headed ogre
 11881 | D:11     | 11881 ||| FLEEEEING.
 11882 | D:11     | 11882 ||| FLEEEEING.
 11884 | D:11     | 11884 ||| FLEEEEING.
 11886 | D:11     | 11886 ||| FLEEEEING.
 11887 | D:11     | 11887 ||| FLEEEEING.
 11888 | D:11     | 11888 ||| FLEEEEING.
 11889 | D:11     | 11889 ||| FLEEEEING.
 11890 | D:11     | 11890 ||| FLEEEEING.
 11891 | D:11     | 11891 ||| FLEEEEING.
 11892 | D:11     | 11892 ||| FLEEEEING.
 11893 | D:11     | 11893 ||| FLEEEEING.
 11894 | D:11     | 11894 ||| FLEEEEING.
 11895 | D:11     | 11895 ||| INVOKING Berserk.
 11897 | D:11     | Killed a two-headed ogre
 12057 | D:11     | Found a staircase to the Lair.
 12107 | D:11     | Identified the +0 helmet "Damnable Contraption" {-Cast
                  | Str+4 Dex-5}
 12182 | D:11     | 12182 ||| Stepping ~*~*~tactically~*~*~ (stealth).
 12207 | D:11     | Found a frozen archway.
 12208 | D:11     | 12208 ||| Stepping ~*~*~tactically~*~*~ (stealth).
 12303 | D:11     | 12303 ||| DROPPING +1 mace of draining.
 12585 | D:11     | 12585 ||| FLEEEEING.
 12586 | D:11     | 12586 ||| FLEEEEING.
 12587 | D:11     | 12587 ||| FLEEEEING.
 12588 | D:11     | 12588 ||| FLEEEEING.
 12592 | D:11     | 12592 ||| Stepping ~*~*~tactically~*~*~ (hiding).
 12593 | D:11     | 12593 ||| Stepping ~*~*~tactically~*~*~ (hiding).
 12594 | D:11     | 12594 ||| Stepping ~*~*~tactically~*~*~ (hiding).
 12595 | D:11     | 12595 ||| Stepping ~*~*~tactically~*~*~ (hiding).
 12608 | D:11     | Reached XP level 12. HP: 115/115 MP: 9/11
 12625 | D:11     | 12625 ||| INVOKING Berserk.
 12832 | D:11     | Found Fozoxaze's Weapon Shoppe.
 13028 | D:11     | 13028 ||| PLANNING LAIR
 13028 | D:11     | 13028 ||| READING scroll labelled HIUXESCHUNO.
 13029 | D:11     | 13029 ||| READING 6 scrolls of identify.
 13029 | D:11     | 13029 ||| IDENTIFYING fizzy pink potion
 13030 | D:11     | 13030 ||| DROPPING potion of ambrosia.
 13040 | Lair:1   | Entered Level 1 of the Lair of Beasts
 13119 | Lair:1   | Reached skill level 14 in Fighting
 13167 | Lair:1   | 13167 ||| Stepping ~*~*~tactically~*~*~ (stealth).
 13278 | Lair:1   | 13278 ||| Stepping ~*~*~tactically~*~*~ (hiding).
 13308 | Lair:1   | 13308 ||| Stepping ~*~*~tactically~*~*~ (stealth).
 13313 | Lair:1   | Noticed a six-headed hydra
 13314 | Lair:1   | 13314 ||| INVOKING Brothers in Arms.
 13317 | Lair:1   | 13317 ||| SWAPPING to +3 flail.
 13318 | Lair:1   | 13318 ||| Stepping ~*~*~tactically~*~*~ (outnumbered).
 13320 | Lair:1   | 13320 ||| INVOKING Berserk.
 13324 | Lair:1   | Killed a six-headed hydra
 13325 | Lair:1   | Reached skill level 15 in Fighting
 13332 | Lair:1   | 13332 ||| SWAPPING to +0 vampiric war axe.
 13476 | Lair:1   | 13476 ||| Stepping ~*~*~tactically~*~*~ (water).
 13477 | Lair:1   | 13477 ||| INVOKING Berserk.
 13981 | Lair:1   | 13981 ||| UPGRADING to +0 pair of boots.
 13986 | Lair:1   | 13986 ||| READING scroll of enchant armour.
 13986 | Lair:1   | 13986 ||| ENCHANTING +0 pair of boots.
 14032 | Lair:2   | 14032 ||| INVOKING Berserk.
 14040 | Lair:2   | Noticed a catoblepas
 14050 | Lair:2   | Killed a catoblepas
 14177 | Lair:2   | Reached skill level 6 in Dodging
 14194 | Lair:2   | 14194 ||| Stepping ~*~*~tactically~*~*~ (stealth).
 14195 | Lair:2   | 14195 ||| Stepping ~*~*~tactically~*~*~ (stealth).
 14616 | Lair:2   | Found a staircase to the Swamp.
 14631 | Lair:2   | Reached skill level 12 in Armour
 14834 | Lair:2   | 14834 ||| UPGRADING to +0 buckler.
 14839 | Lair:2   | 14839 ||| UPGRADING to ring of poison resistance.
 14851 | Lair:3   | Found a hole to the Spider Nest.
 14863 | Lair:3   | Reached skill level 1 in Shields
 14878 | Lair:3   | 14878 ||| INVOKING Berserk.
 14923 | Lair:3   | Reached skill level 3 in Shields
 15191 | Lair:3   | 15191 ||| Stepping ~*~*~tactically~*~*~ (stealth).
 15246 | Lair:3   | Reached ***** piety under Trog
 15330 | Lair:3   | 15330 ||| Stepping ~*~*~tactically~*~*~ (stealth).
 15335 | Lair:3   | 15335 ||| Stepping ~*~*~tactically~*~*~ (stealth).
 15340 | Lair:3   | 15340 ||| Stepping ~*~*~tactically~*~*~ (stealth).
 15343 | Lair:3   | 15343 ||| Stepping ~*~*~tactically~*~*~ (stealth).
 15350 | Lair:3   | 15350 ||| Stepping ~*~*~tactically~*~*~ (stealth).
 15367 | Lair:3   | 15367 ||| Stepping ~*~*~tactically~*~*~ (hiding).
 15378 | Lair:3   | Reached XP level 13. HP: 125/127 MP: 12/12
 15561 | Lair:3   | 15561 ||| Stepping ~*~*~tactically~*~*~ (stealth).
 15804 | Lair:3   | Reached skill level 6 in Shields
 15806 | Lair:3   | 15806 ||| INVOKING Berserk.
 15920 | Lair:3   | 15920 ||| INVOKING Brothers in Arms.
 15921 | Lair:3   | 15921 ||| SWAPPING to +3 flail.
 15922 | Lair:3   | 15922 ||| INVOKING Berserk.
 15937 | Lair:3   | 15937 ||| SWAPPING to +0 vampiric war axe.
 15975 | Lair:3   | 15975 ||| Stepping ~*~*~tactically~*~*~ (stealth).
 15977 | Lair:3   | 15977 ||| INVOKING Berserk.
 16319 | Lair:3   | 16319 ||| UPGRADING to +0 pair of gloves.
 16336 | Lair:4   | Found a viscous altar of Jiyva.
 16337 | Lair:4   | Found a staircase to the Slime Pits.
 16370 | Lair:4   | 16370 ||| DROPPING +3 flail.
 16397 | Lair:4   | 16397 ||| Stepping ~*~*~tactically~*~*~ (stealth).
 16485 | Lair:4   | 16485 ||| INVOKING Berserk.
 16668 | Lair:4   | 16668 ||| Stepping ~*~*~tactically~*~*~ (stealth).
 16671 | Lair:4   | 16671 ||| Stepping ~*~*~tactically~*~*~ (stealth).
 16672 | Lair:4   | 16672 ||| Stepping ~*~*~tactically~*~*~ (stealth).
 16673 | Lair:4   | 16673 ||| Stepping ~*~*~tactically~*~*~ (stealth).
 16681 | Lair:4   | Reached skill level 9 in Shields
 16730 | Lair:4   | 16730 ||| Stepping ~*~*~tactically~*~*~ (stealth).
 16732 | Lair:4   | 16732 ||| Stepping ~*~*~tactically~*~*~ (stealth).
 16734 | Lair:4   | 16734 ||| INVOKING Berserk.
 16756 | Lair:4   | 16756 ||| INVOKING Brothers in Arms.
 16757 | Lair:4   | 16757 ||| INVOKING Brothers in Arms.
 16987 | Lair:4   | 16987 ||| INVOKING Berserk.
 17186 | Lair:4   | 17186 ||| INVOKING Brothers in Arms.
 17188 | Lair:4   | 17188 ||| SWAPPING to +0 morningstar.
 17189 | Lair:4   | 17189 ||| INVOKING Berserk.
 17221 | Lair:4   | 17221 ||| SWAPPING to +0 vampiric war axe.
 17542 | Lair:5   | Entered Level 5 of the Lair of Beasts
 17544 | Lair:5   | 17544 ||| Stepping ~*~*~tactically~*~*~ (stealth).
 17545 | Lair:5   | 17545 ||| INVOKING Berserk.
 17555 | Lair:5   | 17555 ||| FLEEEEING.
 17556 | Lair:5   | 17556 ||| STAIRDANCE
 17662 | Lair:5   | 17662 ||| STAIRDANCE
 17664 | Lair:4   | 17664 ||| INVOKING Brothers in Arms.
 17665 | Lair:4   | 17665 ||| INVOKING Brothers in Arms.
 17666 | Lair:4   | 17666 ||| INVOKING Brothers in Arms.
 17667 | Lair:4   | 17667 ||| INVOKING Brothers in Arms.
 17668 | Lair:4   | 17668 ||| INVOKING Brothers in Arms.
 17669 | Lair:4   | 17669 ||| INVOKING Brothers in Arms.
 17670 | Lair:4   | 17670 ||| INVOKING Brothers in Arms.
 17671 | Lair:4   | 17671 ||| INVOKING Brothers in Arms.
 17672 | Lair:4   | 17672 ||| INVOKING Brothers in Arms.
 17673 | Lair:4   | 17673 ||| INVOKING Brothers in Arms.
 17673 | Lair:4   | HP: 25/127 [komodo dragon (18)]
 17674 | Lair:4   | 17674 ||| READING 8 scrolls of teleportation.
 17675 | Lair:4   | 17675 ||| DRINKING 4 potions of heal wounds.
 17676 | Lair:4   | 17676 ||| DRINKING 3 potions of heal wounds.
 17677 | Lair:4   | 17677 ||| SWAPPING to +0 morningstar.
 17678 | Lair:4   | 17678 ||| DRINKING 2 potions of heal wounds.
 17679 | Lair:4   | 17679 ||| SWAPPING to +0 vampiric war axe.
 18010 | Lair:5   | Reached skill level 16 in Fighting
 18085 | Lair:5   | 18085 ||| INVOKING Berserk.
 18211 | Lair:5   | 18211 ||| Stepping ~*~*~tactically~*~*~ (stealth).
 18212 | Lair:5   | 18212 ||| INVOKING Berserk.
 18225 | Lair:5   | 18225 ||| Stepping ~*~*~tactically~*~*~ (stealth).
 18226 | Lair:5   | 18226 ||| Stepping ~*~*~tactically~*~*~ (stealth).
 18244 | Lair:5   | 18244 ||| INVOKING Berserk.
 18284 | Lair:5   | 18284 ||| Stepping ~*~*~tactically~*~*~ (stealth).
 18322 | Lair:5   | 18322 ||| FLEEEEING.
 18323 | Lair:5   | 18323 ||| Stepping ~*~*~tactically~*~*~ (stealth).
 18324 | Lair:5   | 18324 ||| Stepping ~*~*~tactically~*~*~ (stealth).
 18546 | Lair:5   | 18546 ||| Stepping ~*~*~tactically~*~*~ (hiding).
 18547 | Lair:5   | 18547 ||| Stepping ~*~*~tactically~*~*~ (hiding).
 18610 | Lair:5   | 18610 ||| FLEEEEING.
 18611 | Lair:5   | 18611 ||| FLEEEEING.
 18612 | Lair:5   | 18612 ||| FLEEEEING.
 18613 | Lair:5   | 18613 ||| FLEEEEING.
 18614 | Lair:5   | 18614 ||| FLEEEEING.
 18615 | Lair:5   | 18615 ||| FLEEEEING.
 18616 | Lair:5   | 18616 ||| FLEEEEING.
 18617 | Lair:5   | 18617 ||| FLEEEEING.
 18618 | Lair:5   | 18618 ||| FLEEEEING.
 18619 | Lair:5   | 18619 ||| FLEEEEING.
 18620 | Lair:5   | 18620 ||| FLEEEEING.
 18621 | Lair:5   | 18621 ||| FLEEEEING.
 18622 | Lair:5   | 18622 ||| FLEEEEING.
 18623 | Lair:5   | 18623 ||| FLEEEEING.
 18624 | Lair:5   | 18624 ||| FLEEEEING.
 18625 | Lair:5   | 18625 ||| FLEEEEING.
 18626 | Lair:5   | 18626 ||| FLEEEEING.
 18627 | Lair:5   | 18627 ||| FLEEEEING.
 18628 | Lair:5   | 18628 ||| FLEEEEING.
 18629 | Lair:5   | 18629 ||| FLEEEEING.
 18630 | Lair:5   | 18630 ||| FLEEEEING.
 18631 | Lair:5   | 18631 ||| FLEEEEING.
 18632 | Lair:5   | 18632 ||| FLEEEEING.
 18633 | Lair:5   | 18633 ||| FLEEEEING.
 18634 | Lair:5   | 18634 ||| FLEEEEING.
 18635 | Lair:5   | 18635 ||| FLEEEEING.
 18636 | Lair:5   | 18636 ||| FLEEEEING.
 18637 | Lair:5   | 18637 ||| FLEEEEING.
 18638 | Lair:5   | 18638 ||| STAIRDANCE
 18640 | Lair:4   | 18640 ||| UPGRADING to +1 pair of gloves.
 18650 | Lair:4   | 18650 ||| DROPPING +0 pair of gloves.
 18651 | Lair:4   | 18651 ||| READING 2 scrolls labelled NUJOCW AWALO.
 18752 | Lair:4   | 18752 ||| DROPPING scroll of silence.
 18755 | Lair:5   | 18755 ||| INVOKING Berserk.
 18764 | Lair:5   | 18764 ||| STAIRDANCE
 18901 | Lair:5   | 18901 ||| Stepping ~*~*~tactically~*~*~ (hiding).
 19032 | Lair:5   | 19032 ||| Stepping ~*~*~tactically~*~*~ (stealth).
 19035 | Lair:5   | 19035 ||| Stepping ~*~*~tactically~*~*~ (hiding).
 19038 | Lair:5   | 19038 ||| INVOKING Berserk.
 19163 | Lair:5   | 19163 ||| DRINKING potion of cancellation.
 19180 | Lair:5   | 19180 ||| Stepping ~*~*~tactically~*~*~ (stealth).
 19232 | Lair:5   | 19232 ||| Stepping ~*~*~tactically~*~*~ (hiding).
 19520 | Lair:5   | 19520 ||| Stepping ~*~*~tactically~*~*~ (stealth).
 19525 | Lair:5   | 19525 ||| Stepping ~*~*~tactically~*~*~ (stealth).
 19531 | Lair:5   | Reached skill level 17 in Fighting
 19581 | Lair:5   | Found a large runed translucent door.
 19582 | Lair:5   | Found a large runed translucent door.
 19591 | Lair:5   | 19591 ||| INVOKING Berserk.
 19597 | Lair:5   | Reached XP level 14. HP: 140/140 MP: 13/13
 19617 | Lair:5   | 19617 ||| FLEEEEING.
 19618 | Lair:5   | 19618 ||| FLEEEEING.
 19619 | Lair:5   | 19619 ||| FLEEEEING.
 19620 | Lair:5   | 19620 ||| FLEEEEING.
 19786 | Lair:5   | 19786 ||| INVOKING Brothers in Arms.
 19787 | Lair:5   | 19787 ||| SWAPPING to +0 morningstar.
 19789 | Lair:5   | 19789 ||| INVOKING Berserk.
 19805 | Lair:5   | 19805 ||| SWAPPING to +0 vampiric war axe.
 20323 | Lair:5   | 20323 ||| PLANNING D
 20507 | D:12     | Noticed Rupert
 20508 | D:12     | 20508 ||| INVOKING Trog's Hand.
 20509 | D:12     | 20509 ||| INVOKING Berserk.
 20529 | D:12     | HP: 46/210 [Rupert/+2 battleaxe of freezing (18)]
 20531 | D:12     | HP: 15/210 [Rupert/+2 battleaxe of freezing (12)]
 20532 | D:12     | HP: 6/210 [17-headed hydra (12)]
 20532 | D:12     | HP: 1/210 [17-headed hydra (5)]
 20534 | D:12     | Mangled by a 19-headed hydra

Levels and vault maps discovered:
D:1:      scummos_arrival_gate, layout_basic
D:2:      layout_loops_ring
D:3:      layout_loops_ring, hellmonk_ecumenical_altar_slurped_away
D:4:      layout_cave_pools, uniq_grinder
D:5:      layout_loops_ring, palyth_temple_overflow_mages,
          mainiacjoe_overflow_catwalk_spiral, minmay_fountain_box
D:6:      layout_basic, uniq_duvessa
D:7:      minmay_klotski, layout_basic, chequers_temple_overflow_minitemple,
          minmay_temple_entry_enclosed_plants, serial_shops, shop,
          lightli_ossuary_entry_decrepit_ruins, minmay_misc_feat_pillars
D:8:      layout_cave_pods
D:9:      minmay_separated_statues, layout_basic, hangedman_decor_opposing,
          serial_bayou_crossing, uniq_harold
D:10:     layout_irregular_city
D:11:     layout_basic, due_lair_maze_entry_diamond,
          portal_ice_cave_entry_ice_simulacra, serial_shops, kennysheep_mini
D:12:     layout_rooms, orc_0_dummy, kennysheep_generic_room_14, uniq_kirke,
          uniq_rupert, uniq_erolcha
Lair:1:   wander_river, layout_hall_layers, grunt_megastairs_4
Lair:2:   layout_concentric_octagons, swamp_mist
Lair:3:   layout_cave_pods, nicolae_spider_entry_tight_spaces,
          chequers_serial_rivers_small_3, hangedman_lair_generics_rect,
          lemuel_fruit_fields
Lair:4:   layout_roguey, nicolae_slime_entry_slimehenge
Lair:5:   cheibrodos_lair_end_hotspot, layout_misc_corridors, wad_woods_road_03,
          serial_bayou_shore_b

Skill      XL: |  1  2  3  4  5  6  7  8  9 10 11 12 13 14 |
---------------+-------------------------------------------+-----
Axes           | 4 5 6 7 8 10 12 14 16 | 16.2
Fighting       | 6 7 8 10 13 15 17 | 17.0
Armour         | 3 5 7 10 12 13 14 | 14.0
Throwing       | 2 3 |  3.1
Dodging        | 3 4 6 |  6.7
Shields        | 5 10 | 10.4

Action                   |  1- 3 |  4- 6 |  7- 9 | 10-12 | 13-15 || total
-------------------------+-------+-------+-------+-------+-------++-------
Melee: Hand axe          |    82 |    99 |   267 |       |       ||   448
       Headbutt          |    13 |    19 |    60 |   116 |    86 ||   294
       Punch             |       |       |     7 |     9 |       ||    16
       War axe           |       |       |    64 |   618 |   361 ||  1043
       Flail             |       |       |       |     4 |    11 ||    15
       Morningstar       |       |       |       |       |    31 ||    31
Throw: Boomerang         |       |       |       |    80 |       ||    80
Invok: Berserk           |       |     2 |     7 |    17 |    16 ||    42
       Trog's Hand       |       |     2 |     1 |       |     1 ||     4
       Brothers in Arms  |       |       |       |     3 |     5 ||     8
  Use: Scroll            |     7 |     5 |     4 |    11 |     2 ||    29
       Potion            |     1 |       |     3 |     1 |     4 ||     9
 Stab: Distracted        |     1 |       |       |     1 |       ||     2
Armor: Animal skin       |    14 |       |       |       |       ||    14
       Leather armour    |     3 |    16 |       |       |       ||    19
       Scale mail        |       |    16 |   117 |       |       ||   133
       Chain mail        |       |       |    37 |   336 |   292 ||   665
Dodge: Dodged            |    43 |    42 |    88 |   215 |   215 ||   603
Block: Buckler           |       |       |       |    10 |   112 ||   122

Table legend:
 A = Non-vault XP
 B = Vault XP
 C = Vault XP percentage of total XP
 D = Non-vault monster count
 E = Vault monster count
 F = Vault count percentage of total count
                 A         B        C        D         E       F
            +---------+---------+-------+---------+---------+-------
      Total |   51521 |   19992 |  28.0 |     359 |      83 |  18.8
            +---------+---------+-------+---------+---------+-------
        D:1 |      65 |       0 |   0.0 |      26 |       0 |   0.0
        D:2 |      24 |       0 |   0.0 |      14 |       0 |   0.0
        D:3 |     108 |       2 |   1.8 |      19 |       1 |   5.0
        D:4 |     302 |     267 |  46.9 |       9 |       1 |  10.0
        D:5 |     946 |     103 |   9.8 |      17 |       3 |  15.0
        D:6 |     853 |     197 |  18.8 |      16 |       2 |  11.1
        D:7 |     646 |    2896 |  81.8 |      24 |      16 |  40.0
        D:8 |    3073 |       0 |   0.0 |      26 |       0 |   0.0
        D:9 |    3619 |    2295 |  38.8 |      35 |       3 |   7.9
       D:10 |    2652 |       0 |   0.0 |      31 |       0 |   0.0
       D:11 |    4405 |    1424 |  24.4 |      14 |      12 |  46.2
       D:12 |    1913 |       0 |   0.0 |       5 |       0 |   0.0
     Lair:1 |    6163 |     218 |   3.4 |      24 |       1 |   4.0
     Lair:2 |    4008 |       0 |   0.0 |      16 |       0 |   0.0
     Lair:3 |    3504 |    5425 |  60.8 |      18 |      15 |  45.5
     Lair:4 |    8859 |      49 |   0.6 |      32 |       3 |   8.6
     Lair:5 |   10381 |    7116 |  40.7 |      33 |      26 |  44.1
            +---------+---------+-------+---------+---------+-------
